 Dungeon Crawl Stone Soup version 0.29.1-15-g9cfb28693d (webtiles) character file.

Game seed: 10315957344298153704

1390 H0rd4k the Charlatan (level 9, 0/66 HPs)
             Began as a Human Artificer on Apr 26, 2023.
             Was an Initiate of Gozag.
             Slain by a river rat (7 damage)
             ... summoned by Eustachio
             ... on level 6 of the Dungeon.
             The game lasted 00:10:59 (10802 turns).

H0rd4k the Charlatan (Human Artificer)             Turns: 10802, Time: 00:11:00

Health: 0/66       AC:  3    Str: 13    XL:     9   Next: 0%
Magic:  11/11      EV: 13    Int: 20    God:    Gozag
Gold:   681        SH:  0    Dex: 14    Spells: 10/10 levels left

rFire   + . .      SeeInvis .   y - +6 rapier of the Badger {flame, *Slow rPois rCorr Int+5}
rCold   . . .      Faith    .   (no shield)
rNeg    . . .      Spirit   .   b - +0 leather armour
rPois   +          Reflect  .   (no helmet)
rElec   .          Harm     .   (no cloak)
rCorr   +          Rampage  .   (no gloves)
Will    +....                   (no boots)
Stlth   ++........              (no amulet)
HPRegen 0.21/turn               s - ring of protection from fire
MPRegen 0.12/turn               a - ring of willpower

@: gold aura
A: no striking features
a: Renounce Religion, Potion Petition, Call Merchant, Bribe Branch


You were on level 6 of the Dungeon.
You worshipped Gozag.
Gozag was pleased with you.
You visited 2 branches of the dungeon, and saw 7 of its levels.

You collected 753 gold pieces.
You paid 72 gold pieces to Gozag.

Inventory:

Hand Weapons
 v - a +2 mace of protection
 x - the +4 dagger "Morg" {pain, Will+ Int+5}
   (You found it on level 3 of the Dungeon)

   In the hands of one skilled in necromantic magic, it inflicts extra damage on
   living creatures.
   Int:       It affects your intelligence (+5).
   Will:      It increases your willpower.
 y - the +6 rapier of the Badger (weapon) {flame, *Slow rPois rCorr Int+5}
   (You found it on level 6 of the Dungeon)

   It burns those it strikes, dealing additional fire damage.
   Int:       It affects your intelligence (+5).
   rPois:     It protects you from poison.
   rCorr:     It protects you from acid and corrosion.
   *Slow:     It may slow you when you take damage.
Armour
 b - a +0 leather armour (worn)
 d - the +5 ring mail of Deirhos {Contam rCorr Dex+8 Slay-3}
   (You found it on level 5 of the Dungeon)

   Dex:       It affects your dexterity (+8).
   Slay:      It affects your accuracy & damage with ranged weapons and melee
   (-3).
   Contam:    It causes magical contamination when unequipped.
   rCorr:     It protects you from acid and corrosion.
Jewellery
 a - a ring of willpower (right hand)
 s - a ring of protection from fire (left hand)
Wands
 e - a wand of iceblast (7)
 w - a wand of mindburst (7)
Scrolls
 c - 4 scrolls of teleportation {unknown}
 f - 2 scrolls of noise {unknown}
 j - 5 scrolls of identify {unknown}
 k - a scroll of blinking {unknown}
 l - a scroll of amnesia {unknown}
 r - 3 scrolls of enchant armour {unknown}
 u - a scroll of enchant weapon {unknown}
Potions
 g - 4 potions of curing
 h - 4 potions of heal wounds {unknown}
 i - 4 potions of lignification {unknown}
 m - 2 potions of brilliance {unknown}
 n - 3 potions of cancellation {unknown}
 o - a potion of flight {unknown}
 p - 2 potions of haste {unknown}
 q - a potion of might {unknown}
 t - a potion of attraction {unknown}
 z - a potion of degeneration {unknown}


   Skills:
 + Level 4.7 Fighting
 * Level 3.0 Short Blades
 - Level 2.6 Maces & Flails
 - Level 2.0 Armour
 + Level 4.7 Dodging
 + Level 3.8 Stealth
 * Level 1.4 Spellcasting
 + Level 5.7 Evocations


You had 10 spell levels left.
You didn't know any spells.
Your spell library contained the following spells:

 Spells                   Type           Power      Damage    Failure   Level
 Necrotise                Necr           4%         1d4       22%         1
 Vampiric Draining        Necr           1%         2d6       54%         3
 Agony                    Necr           1%         N/A       99%         5


Dungeon Overview and Level Annotations

Branches:
Dungeon (6/15)             Temple (1/1) D:4

Altars:
Ashenzari
Cheibriados
Dithmenos
Fedhas
Gozag
Hepliaklqana
Makhleb
Nemelex Xobeh
Okawaru
Qazlal
Ru
Sif Muna
Uskayaw
Vehumet
Xom
Yredelemnul
The Shining One

Shops:
D:5 ?

Annotations:
D:2 exclusion: downstairs
D:4 exclusion: 2 upstairs
D:5 exclusion: shadow
D:6 1 runed translucent door, Crazy Yiuf, Eustachio


Message History

The orc closely misses you.
You barely miss Eustachio.
Eustachio is severely wounded.
The orc barely misses you.
Eustachio hits you with a +1 rapier of protection.
You hit Eustachio. You burn Eustachio.
Eustachio is severely wounded.
The orc misses you. Eustachio misses you.
You hit Eustachio but do no damage.
Eustachio is severely wounded.
The orc hits you but does no damage.
Eustachio hits you with a +1 rapier of protection!
* * * LOW HITPOINT WARNING * * *
You hit Eustachio but do no damage.
Eustachio is severely wounded.
Eustachio says, "Summoning is fun!"
Eustachio gestures wildly while chanting.
The orc hits you from afar with a +0 trident.
* * * LOW HITPOINT WARNING * * *
You hit Eustachio. You burn Eustachio.
Eustachio is almost dead.
Eustachio gestures wildly while chanting.
Eustachio blinks!
The orc hits you from afar with a +0 trident!
* * * LOW HITPOINT WARNING * * *
The river rat closely misses you.
Unknown command.
Unknown command.
Aiming: Iceblast
Press: ? - help, Shift-Dir - straight line, f - orc
Aim: an orc, wielding a +0 trident The mass of ice explodes!
The iceblast engulfs the orc!!
You kill the orc!
The iceblast engulfs the orc!!
You kill the orc!
The river rat twitches its whiskers.
The river rat closely misses you. The river rat attacks as you move away!
The river rat bites you!
You die...
Your body crumbles into a pile of gold.

### #.### #...
#######.#######
#..............
############.#####..##.##
.............# #..#
##################$.##
.....$ .......r@)$.>#
####### ##.########..#
###... ..# ....### ..#
....... ..# ....... ..#
....... ... ######## #.#
'.......


You could see a river rat (summoned).

Vanquished Creatures
  An ice beast (D:6)
  2 ogres
  A phantom (D:5)
  4 scorpions
  A necrophage (D:5)
  A centaur zombie (D:3)
  2 jellies
  4 hounds
  An orc priest (D:3)
  Natasha (thrice) (D:3)
  4 iguanas
  Terence (D:2)
  A scorpion zombie (D:3)
  A hound skeleton (D:3)
  3 gnolls (D:6)
  11 adders
  A hound simulacrum (D:3)
  An adder zombie (D:3)
  A worm (D:2)
  2 dart slugs
  12 orcs
  7 ball pythons
  7 endoplasms
  A giant cockroach (D:1)
  4 goblins
  10 hobgoblins
  4 jackals (D:4)
  5 quokkas
  A ball python skeleton (D:3)
  4 bats
  5 frilled lizards
  2 kobolds
  6 rats
114 creatures vanquished.

Vanquished Creatures (collateral kills)
  An orc wizard (D:4)
  An adder (D:4)
  5 orcs (D:4)
  An endoplasm (D:4)
  A hobgoblin (D:4)
  A kobold (D:4)
  2 ball pythons
12 creatures vanquished.

Vanquished Creatures (others)
  An orc priest (D:4)
  A gnoll (D:6)
  An adder (D:3)
  16 withered plants (D:3)
19 creatures vanquished.

Grand Total: 145 creatures vanquished

Notes
Turn   | Place    | Note
-------+----------+-------------------------------------------
     0 | D:1      | H0rd4k the Human Artificer began the quest for the Orb.
     0 | D:1      | Reached XP level 1. HP: 15/15 MP: 1/1
   256 | D:1      | Found a faded altar of an unknown god.
   287 | D:1      | Reached XP level 2. HP: 16/21 MP: 2/2
   958 | D:1      | Reached XP level 3. HP: 15/26 MP: 3/3
  1686 | D:2      | Identified the +2 sling of Lywewk {vorpal, Drain Str+6
                  | Stlth+}
  1902 | D:2      | Reached skill level 4 in Evocations
  2302 | D:2      | Noticed Terence
  2305 | D:2      | Killed Terence
  2306 | D:2      | Reached XP level 4. HP: 32/32 MP: 4/4
  2315 | D:2      | Reached skill level 1 in Maces & Flails
  3477 | D:3      | Reached XP level 5. HP: 8/38 MP: 5/5
  3931 | D:3      | Noticed Natasha
  3932 | D:3      | Found the +4 dagger "Morg" {pain, Will+ Int+5}
  4541 | D:4      | Found a staircase to the Ecumenical Temple.
  4543 | D:4      | Reached XP level 6. HP: 44/44 MP: 6/6
  4554 | Temple   | Entered the Ecumenical Temple
  4684 | Temple   | Became a worshipper of Gozag Ym Sagoz the Greedy
  4880 | D:4      | Noticed an ogre
  6028 | D:4      | Killed an ogre
  6029 | D:4      | Reached skill level 5 in Evocations
  6029 | D:4      | Reached XP level 7. HP: 51/51 MP: 7/7
  6515 | D:5      | Entered Level 5 of the Dungeon
  7128 | D:5      | Identified the +5 ring mail of Deirhos {Contam rCorr Dex+8
                  | Slay-3}
  7158 | D:5      | Found Mankales's Magic Scroll Emporium.
  7238 | D:5      | Reached XP level 8. HP: 12/60 MP: 8/8
  7995 | D:5      | Noticed a shadow
  9055 | D:3      | Killed Natasha
  9332 | D:3      | Noticed Natasha
  9352 | D:3      | Killed Natasha
  9353 | D:3      | Reached skill level 1 in Short Blades
  9522 | D:3      | Noticed Natasha
  9538 | D:3      | Killed Natasha
 10075 | D:6      | Identified the +6 rapier of the Badger {flame, *Slow rPois
                  | rCorr Int+5}
 10193 | D:6      | Reached skill level 1 in Spellcasting
 10679 | D:6      | Found a runed translucent door.
 10680 | D:6      | Noticed Crazy Yiuf
 10767 | D:6      | Noticed Eustachio
 10784 | D:6      | Reached XP level 9. HP: 63/66 MP: 11/11
 10802 | D:6      | Slain by a river rat

Illustrated notes

Levels and vault maps discovered:
D:1:      amcnicky_arrival_single_pillar, layout_basic,
          hellmonk_ecumenical_altar_lost_god
D:2:      layout_basic, minmay_misc_feat_doors, hangedman_decor_opposing,
          uniq_terence
D:3:      layout_loops_cross, hangedman_feature_mirror,
          dilly_guarded_unrand_morg
D:4:      minmay_door_path, layout_basic, temple_fountains
D:5:      layout_loops_corners, serial_shops, nicolae_lakefront_shop,
          feat_on_display
D:6:      minmay_thick_lines, layout_basic, uniq_duvessa, uniq_eustachio,
          uniq_crazy_yiuf_cottage, uniq_pikel
Temple:   minmay_crystal_spiral_temple

Skill      XL: |  1  2  3  4  5  6  7  8 |
---------------+-------------------------+-----
Evocations     | 4 5 |  5.7
Maces & Flails | 1 2 |  2.6
Dodging        | 2 3 4 |  4.7
Fighting       | 2 3 4 |  4.7
Stealth        | 2 3 |  3.8
Short Blades   | 3 |  3.0
Spellcasting   | 1 |  1.4
Armour         | |  2.0

Action                   |  1- 3 |  4- 6 |  7- 9 || total
-------------------------+-------+-------+-------++-------
Melee: Club              |   120 |   134 |       ||   254
       Punch             |     1 |     3 |     1 ||     5
       Mace              |       |       |   108 ||   108
       Dagger            |       |       |   106 ||   106
       Rapier            |       |       |    34 ||    34
Evoke: Wand              |     6 |    38 |     6 ||    50
  Use: Potion            |       |       |     1 ||     1
 Stab: Sleeping          |       |     1 |     6 ||     7
       Distracted        |       |       |     3 ||     3
Armor: Leather armour    |    46 |    34 |    58 ||   138
Dodge: Dodged            |   107 |   105 |   185 ||   397
